cohdb
Replays
Latest Replays
All Replays
Popular Replays
Top Player Replays
Match Explorer
How It Works
Community
CoH3 Stats
Reddit
Sign in to upload your games and track your stats! →
Sign in with Steam
Delta Dak
Match 14751582
Overview
Messages
Build Orders
End
Selects Italian Combined Arms Battlegroup
Selects Bersaglieri Squad
Bersaglieri Squad
Panzerpioneer Squad
Bersaglieri Squad
Bersaglieri Squad
Construct Light Support Kompanie
Bersaglieri Squad
Fire Support Elements
Selects Bersaglieri Bolster
Flakvierling Half-track
Selects Breda Model 30 Light Machine Guns
Pak 38 Mechanized Group
2.5-tonne Medical Truck
Construct Panzerarmee Kommand
Panzer III L Medium Tank
Selects Semovente da 75/18 Assault Gun
Panzer III L Medium Tank
Emergency Repair Kits
Selects Strafing Run
Tungsten Core Ammunition
Vehicle Survival Package
Armored Reserves
Selects Artillery Cover
Tiger Heavy Tank
Panzerpioneer Squad
Tiger Heavy Tank
Bass
MisterGerbol
Sam36
Delta0032
HIBBLE
iNNo.-
Bradders
Zerma
0
0
Comments
sign in to comment!
No comments posted yet!